 Dungeon Crawl Stone Soup version 0.26-a0-597-gb535b0901c (webtiles) character file.

Game seed: 9310021310202070551

2445 Lanoc the Frost Mage (level 9, -3/45 HPs)
             Began as a Deep Elf Ice Elementalist on Sept 3, 2020.
             Was an Initiate of Gozag.
             Slain by a killer bee (6 damage)
             ... on level 8 of the Dungeon.
             The game lasted 00:13:05 (7614 turns).

Lanoc the Frost Mage (Deep Elf Ice Elementalist)    Turns: 7614, Time: 00:13:06

Health: -3/45      AC:  2    Str:  5    XL:     9   Next: 25%
Magic:  15/15      EV: 18    Int: 24    God:    Gozag
Gold:   813        SH:  0    Dex: 15    Spells: 7/14 levels left

rFire    . . .     SeeInvis +   o - +8 club
rCold    . . .     Faith    .   (no shield)
rNeg     . . .     Spirit   .   a - +0 robe
rPois    .         Reflect  .   (no helmet)
rElec    .         Harm     .   (no cloak)
rCorr    .                      (no gloves)
MR       .....                  (no boots)
Stlth    ++........             (no amulet)
HPRegen  0.15/turn              g - ring of wizardry
MPRegen  0.14/turn              l - ring of see invisible

@: lethally poisoned (-3 -> -19), about to teleport
A: no striking features
a: Potion Petition, Call Merchant, Bribe Branch, Renounce Religion


You were on level 8 of the Dungeon.
You worshipped Gozag.
Gozag was pleased with you.
You visited 2 branches of the dungeon, and saw 9 of its levels.

You collected 861 gold pieces.
You paid 48 gold pieces to Gozag.

Inventory:

Hand Weapons
 o - a +8 club (weapon)
Armour
 a - a +0 robe (worn)
Jewellery
 g - a ring of wizardry (left hand)
 l - a ring of see invisible (right hand)
 s - an uncursed ring of flight
Wands
 n - a wand of random effects (8)
 t - a wand of flame (21)
 u - a wand of disintegration (17)
Scrolls
 d - a scroll of enchant weapon
 e - 4 scrolls of magic mapping
 f - 2 scrolls of fog
 i - 2 scrolls of remove curse
 q - 2 scrolls of amnesia
 r - 2 scrolls of enchant armour
Potions
 b - 5 potions of curing
 c - a potion of mutation
 h - a potion of brilliance {unknown}
 j - a potion of heal wounds
 p - 2 potions of flight


   Skills:
 + Level 9.0 Dodging
 - Level 2.4 Stealth
 - Level 3.0 Spellcasting
 * Level 11.8 Ice Magic


You had 7 spell levels left.
You knew the following spells:

 Your Spells              Type           Power        Failure   Level
a - Freeze                Ice            ####         1%          1
b - Frozen Ramparts       Ice            ######       1%          3
c - Ozocubu's Armour      Ice            ######..     1%          3

Your spell library contained the following spells:

 Spells                   Type           Power        Failure   Level
 Animate Skeleton         Necr           #.....       4%          1
 Pain                     Necr           #...         4%          1
 Hailstorm                Conj/Ice       ####....     4%          4
 Summon Ice Beast         Ice/Summ       ####....     4%          4
 Vampiric Draining        Necr           #.........   13%         3
 Animate Dead             Necr           #.........   38%         4
 Agony                    Necr           #.......     71%         5


Dungeon Overview and Level Annotations

Branches:
Dungeon (8/15)             Temple (1/1) D:4
   Lair: D:8-11

Altars:
Ashenzari
Cheibriados
Fedhas
Gozag
Kikubaaqudgha
Nemelex Xobeh
Okawaru
Qazlal
Vehumet
The Shining One

Portals:
Bailey: D:8

Annotations:
D:2 Sigmund
D:4 Grinder


Message History

* * * LOW HITPOINT WARNING * * *
You are more poisoned.
The killer bee poisons you! The wight hits you but does no damage.
* * * LOW HITPOINT WARNING * * *
You feel sick. The wight completely misses you.
The killer bee closely misses you. The wight misses you.
* * * LOW HITPOINT WARNING * * *
You feel sick. The hound skeleton bites you.
* * * LOW HITPOINT WARNING * * *
The killer bee stings you.
* * * LOW HITPOINT WARNING * * *
You are more poisoned.
The killer bee poisons you!
Cornered, the adder turns to fight!
The wight closely misses you.
As you read the scroll of teleportation, it crumbles to dust.
You feel strangely unstable.
* * * LOW HITPOINT WARNING * * *
You feel sick. The killer bee stings you.
You die...
Your body crumbles into a pile of gold.

*##### #######...S#
#..zz8....a#
#.zzy@.....#
##.8.zz..8..#
#..$zZ......#
#...........#
#.8.[.∩...8.#
#...........#
#...........#*******
#..8.....8...,,,,,,*
#.........,*,,***,,*


You could see a worker ant (fleeing), a killer bee, 7 wights, an adder and a
hound skeleton.

Vanquished Creatures
  A two-headed ogre (D:8)
  2 orc warriors
  A sky beast (D:8)
  4 ogres
  2 centaurs (D:8)
  A crocodile (D:7)
  A big kobold (D:7)
  2 bullfrogs
  A scorpion (D:5)
  3 jellies
  2 orc priests
  A bullfrog skeleton (D:4)
  2 hounds (D:5)
  3 orc wizards
  An iguana (D:5)
  Ijyb (D:4)
  A worker ant (D:5)
  Natasha (thrice) (D:4)
  A hound zombie (D:7)
  3 gnolls (D:7)
  11 adders
  2 white imps
  2 worms
  4 dart slugs
  2 leopard geckos
  18 orcs
  5 bats
  5 giant cockroaches
  4 goblins (D:1)
  6 hobgoblins
  4 jackals (D:1)
  6 kobolds
  2 quokkas
  A ball python (D:5)
  A ball python zombie (D:5)
  7 frilled lizards
  A goblin zombie (D:4)
  4 hobgoblin zombies (D:4)
  A jackal zombie (D:5)
  A kobold zombie (D:4)
  2 orc skeletons (D:4)
  An orc zombie (D:4)
  A quokka skeleton (D:4)
  4 rats
131 creatures vanquished.

Notes
Turn   | Place    | Note
-------+----------+-------------------------------------------
     0 | D:1      | Lanoc the Deep Elf Ice Elementalist began the quest for the
                  | Orb.
     0 | D:1      | Reached XP level 1. HP: 10/10 MP: 6/6
   149 | D:1      | Reached XP level 2. HP: 14/15 MP: 4/8
   376 | D:1      | Reached skill level 5 in Ice Magic
   729 | D:2      | Reached XP level 3. HP: 19/19 MP: 6/9
   734 | D:2      | Learned a level 3 spell: Frozen Ramparts
   738 | D:2      | Learned a level 3 spell: Ozocubu's Armour
  1012 | D:2      | Found an ancient bone altar of Kikubaaqudgha.
  1374 | D:2      | Noticed Sigmund
  1912 | D:3      | Found a glowing golden altar of the Shining One.
  2011 | D:3      | Found a blossoming altar of Fedhas.
  2015 | D:3      | Reached XP level 4. HP: 24/24 MP: 6/10
  2373 | D:3      | Reached skill level 6 in Ice Magic
  2502 | D:3      | Found an opulent altar of Gozag.
  2522 | D:3      | Reached XP level 5. HP: 28/28 MP: 7/11
  2560 | D:3      | Became a worshipper of Gozag Ym Sagoz the Greedy
  2568 | D:3      | Found a radiant altar of Vehumet.
  2570 | D:3      | Found a shattered altar of Ashenzari.
  2570 | D:3      | Found a sparkling altar of Nemelex Xobeh.
  3026 | D:4      | Noticed a phantom
  3055 | D:3      | Found a stormy altar of Qazlal.
  3162 | D:4      | Noticed Natasha
  3172 | D:4      | Killed Natasha
  3467 | D:4      | Noticed an ogre
  3471 | D:4      | Noticed Natasha
  3475 | D:4      | Killed Natasha
  3475 | D:4      | Reached skill level 7 in Ice Magic
  3502 | D:4      | Killed an ogre
  3502 | D:4      | Reached skill level 5 in Dodging
  3502 | D:4      | Reached XP level 6. HP: 22/32 MP: 5/12
  3646 | D:4      | Noticed Ijyb
  3648 | D:4      | Found a staircase to the Ecumenical Temple.
  3658 | D:4      | Killed Ijyb
  3673 | Temple   | Entered the Ecumenical Temple
  3867 | D:4      | Noticed Natasha
  3871 | D:4      | Noticed Grinder
  3872 | D:4      | Found a glowing golden altar of the Shining One.
  3923 | D:5      | Entered Level 5 of the Dungeon
  4214 | D:5      | Reached skill level 8 in Ice Magic
  4259 | D:5      | Reached XP level 7. HP: 36/36 MP: 10/13
  4488 | D:5      | Found a snail-covered altar of Cheibriados.
  4924 | D:5      | Found a snail-covered altar of Cheibriados.
  5024 | D:4      | Killed Natasha
  5680 | D:6      | Reached skill level 9 in Ice Magic
  6516 | D:7      | Reached XP level 8. HP: 41/41 MP: 11/14
  7093 | D:7      | Reached skill level 10 in Ice Magic
  7508 | D:8      | Noticed a two-headed ogre
  7524 | D:8      | Killed a two-headed ogre
  7524 | D:8      | Reached skill level 11 in Ice Magic
  7524 | D:8      | Reached XP level 9. HP: 33/45 MP: 12/15
  7535 | D:8      | Found an iron altar of Okawaru.
  7596 | D:8      | Found a flagged portal.
  7614 | D:8      | Slain by a killer bee

Illustrated notes

Levels and vault maps discovered:
D:1:      ncdulo_watergridlock, layout_basic
D:2:      layout_basic, lemuel_zombie_altar_kikubaaqudgha, uniq_sigmund
D:3:      layout_basic, nicolae_overflow_hidden_temple,
          grunt_temple_overflow_open, nicolae_gozag_seed_capital
D:4:      layout_loops_ring, minmay_temple_entry_sparse_star, st_stairs_11,
          nicolae_tso_besieged_by_evil, uniq_natasha, uniq_ijyb, uniq_grinder
D:5:      layout_cave_pools, kennysheep_mini_moat, basic_altar
D:6:      layout_loops_ring
D:7:      layout_gridville
D:8:      layout_rooms, enter_bailey_6, okawaru_metal_pillars_1_2
Temple:   nicolae_temple_figure_zero

Skill      XL: |  1  2  3  4  5  6  7  8  9 |
---------------+----------------------------+-----
Ice Magic      | 5 6 7 8 9 11 | 11.8
Dodging        | 3 4 5 6 8 9 |  9.0
Stealth        | |  2.4
Spellcasting   | |  3.0

Action                   |  1- 3 |  4- 6 |  7- 9 || total
-------------------------+-------+-------+-------++-------
Melee: Unarmed           |    21 |    40 |       ||    61
       Club              |       |     4 |    56 ||    60
 Cast: Freeze            |    36 |     2 |       ||    38
       Frozen Ramparts   |    17 |    29 |    29 ||    75
       Ozocubu's Armour  |       |     1 |       ||     1
Evoke: Wand              |       |       |     1 ||     1
  Use: Scroll            |       |     1 |    17 ||    18
       Potion            |       |       |     2 ||     2
 Stab: Distracted        |       |     1 |       ||     1
       Sleeping          |       |     1 |     2 ||     3
Armor: Robe              |    12 |    14 |     9 ||    35
Dodge: Dodged            |    50 |    59 |    78 ||   187

Table legend: (Time is in decaauts)
 A = Elapsed time spent in this place.
 B = Non-inter-level travel time spent in this place.
 C = Inter-level travel time spent in this place.
 D = Time resting spent in this place.
 E = Time spent auto-exploring this place.
 F = Levels seen in this place.
 G = Mean time per level.
                   A        B        C        D        E       F      G
               +--------+--------+--------+--------+--------+-----+--------+
         Total |   7647 |   7440 |    207 |    274 |   5771 |   9 |  849.7 |
       Dungeon |   7645 |   7438 |    207 |    274 |   5771 |   8 |  955.6 |
        Temple |      1 |      1 |      0 |      0 |      0 |   1 |    1.0 |
               +--------+--------+--------+--------+--------+-----+--------+

Top non-repeatable levels by time:
     D:3: 1714 daAuts
     D:4: 1357 daAuts
     D:7: 1075 daAuts
     D:5: 1024 daAuts
     D:6: 983 daAuts
     D:1: 727 daAuts
     D:2: 655 daAuts
     D:8: 107 daAuts
  Temple: 1 daAuts
